NWL (28 & UNDER)
MENLO MANIACS @ BISMARCK BARONS
05/24/2028
 
TOP OF THE 1ST
Menlo Maniacs batting - Pitching for Bismarck Barons : RHP Domingo León
Pitching: RHP Domingo León
Batting: RHB Manuel Alonso 0-0: Swinging Strike
0-1: Swinging Strike
0-2: Strikes out swinging
Batting: RHB Gilberto León 0-0: Foul Ball, location: 2F
0-1: Swinging Strike
0-2: Strikes out swinging
Batting: RHB Jason Blair 0-0: Called Strike
0-1: Called Strike
0-2: Strikes out swinging
Top of the 1st over - 0 run(s), 0 hit(s), 0 error(s), 0 left on base; Menlo 0 - Bismarck 0
BOTTOM OF THE 1ST
Bismarck Barons batting - Pitching for Menlo Maniacs : RHP Brad Small
Pitching: RHP Brad Small
Batting: SHB Álex Hernández 0-0: Ground out 6-3 (Groundball, 6MS)
Batting: LHB José Martínez 0-0: Ball
1-0: Called Strike
1-1: DOUBLE (Line Drive, 89M)
Batting: RHB Seiji Kouno 0-0: Called Strike
0-1: Ball
1-1: Ground out 4-3 (Groundball, 4)
José Martínez to third
Batting: RHB Fernando Castellanos 0-0: Ball
1-0: Called Strike
1-1: Swinging Strike
1-2: Ground out 1-3 (Groundball, 13S)
Bottom of the 1st over - 0 run(s), 1 hit(s), 0 error(s), 1 left on base; Menlo 0 - Bismarck 0
TOP OF THE 2ND
Menlo Maniacs batting - Pitching for Bismarck Barons : RHP Domingo León
Batting: RHB Joe Noble 0-0: Ball
1-0: Ball
2-0: Foul Ball, location: 2F
2-1: Swinging Strike
2-2: Strikes out swinging
Batting: RHB Clinton Barton 0-0: Ball
1-0: Foul Ball, location: 2F
1-1: Called Strike
1-2: Strikes out swinging
Batting: LHB Bernardo Rodríguez 0-0: Called Strike
0-1: Ball
1-1: Ball
2-1: Foul Ball, location: 2F
2-2: Strikes out swinging
Top of the 2nd over - 0 run(s), 0 hit(s), 0 error(s), 0 left on base; Menlo 0 - Bismarck 0
BOTTOM OF THE 2ND
Bismarck Barons batting - Pitching for Menlo Maniacs : RHP Brad Small
Batting: LHB Johnny Foley 0-0: Ball
1-0: Ball
2-0: Ball
3-0: Hit by Pitch
Batting: RHB Dennis Garner 0-0: SINGLE (Groundball, 6MD)
Johnny Foley to second
Runner from 2nd tries for 3rd, SAFE, throw made to third
Dennis Garner to second
Batting: RHB Jon Krohne 0-0: Ball
1-0: Foul Ball, location: 2F
1-1: Ball
2-1: Foul Ball, location: 2F
2-2: Ball
3-2: SINGLE (Line Drive, 8LS)
Johnny Foley scores
Dennis Garner to third
Runner from 3rd tries for Home, SAFE, no throw
Batting: RHB Felipe Domínguez 0-0: Swinging Strike
0-1: Fly out, F9 (Flyball, 9LS)
Batting: RHB Pancho Torres 0-0: Foul Ball, location: 2F
0-1: Reached on error, E5 (Groundball, 56)
Jon Krohne to second
Batting: SHB Álex Hernández 0-0: Fielders Choice at 2nd, 3-6 (Groundball, 34)
Jon Krohne to third
Batting: LHB José Martínez 0-0: Ball
Álex Hernández steals 2nd base
1-0: Ball
2-0: Ball
3-0: Base on Balls
Batting: RHB Seiji Kouno 0-0: Ball
1-0: Fly out, F8 (Flyball, 8RS)
Bottom of the 2nd over - 2 run(s), 2 hit(s), 1 error(s), 3 left on base; Menlo 0 - Bismarck 2
TOP OF THE 3RD
Menlo Maniacs batting - Pitching for Bismarck Barons : RHP Domingo León
Batting: RHB Miguel González 0-0: Ball
1-0: Foul Ball, location: 2F
1-1: Foul Ball, location: 2F
1-2: Ball
2-2: Ball
3-2: Strikes out looking
Batting: RHB Kyle Mann 0-0: Called Strike
0-1: Foul Ball, location: 2F
0-2: Ball
1-2: Strikes out looking
Batting: SHB José Vélez 0-0: Foul Ball, location: 2F
0-1: Swinging Strike
0-2: Strikes out swinging
Top of the 3rd over - 0 run(s), 0 hit(s), 0 error(s), 0 left on base; Menlo 0 - Bismarck 2
BOTTOM OF THE 3RD
Bismarck Barons batting - Pitching for Menlo Maniacs : RHP Brad Small
Batting: RHB Fernando Castellanos 0-0: Foul Ball, location: 2F
0-1: Ball
1-1: Ball
2-1: Swinging Strike
2-2: Ball
3-2: SINGLE (Groundball, 4D)
Batting: LHB Johnny Foley 0-0: Ball
1-0: Ball
2-0: Foul Ball, location: 2F
2-1: Called Strike
2-2: Strikes out swinging
Batting: RHB Dennis Garner 0-0: Fly out, F4 (Popup, 4D)
Batting: RHB Jon Krohne 0-0: Ball
1-0: Called Strike
1-1: Foul Ball, location: 2F
1-2: Foul Ball, location: 2F
1-2: Strikes out looking
Bottom of the 3rd over - 0 run(s), 1 hit(s), 0 error(s), 1 left on base; Menlo 0 - Bismarck 2
TOP OF THE 4TH
Menlo Maniacs batting - Pitching for Bismarck Barons : RHP Domingo León
Batting: RHB Manuel Alonso 0-0: Ground out 5-3 (Groundball, 56)
Batting: RHB Gilberto León 0-0: Ball
1-0: Called Strike
1-1: Ground out 3-1 (Groundball, 34S)
Batting: RHB Jason Blair 0-0: Foul Ball, location: 2F
0-1: Called Strike
0-2: Ball
1-2: Fly out, F7 (Flyball, 78M)
Top of the 4th over - 0 run(s), 0 hit(s), 0 error(s), 0 left on base; Menlo 0 - Bismarck 2
BOTTOM OF THE 4TH
Bismarck Barons batting - Pitching for Menlo Maniacs : RHP Brad Small
Batting: RHB Felipe Domínguez 0-0: Foul Ball, location: 2F
0-1: Called Strike
0-2: Foul Ball, location: 2F
0-2: Foul Ball, location: 2F
0-2: SINGLE (Line Drive, 78M)
Batting: RHB Pancho Torres 0-0: Ball
1-0: Fly out, F9 (Flyball, 9LS)
Batting: SHB Álex Hernández 0-0: Called Strike
0-1: DOUBLE (Line Drive, 7LM)
Felipe Domínguez to third
Batting: LHB José Martínez 0-0: Ball
1-0: Ball
2-0: Ball
3-0: Called Strike
3-1: Base on Balls
Batting: RHB Seiji Kouno 0-0: Ball
1-0: Ball
2-0: Ball
Wild Pitch!
Felipe Domínguez scores
Álex Hernández to third
José Martínez to second
3-0: Called Strike
3-1: Base on Balls
Batting: RHB Fernando Castellanos 0-0: SINGLE (Line Drive, 78S)
Álex Hernández scores
José Martínez to third
Seiji Kouno to second
Batting: LHB Johnny Foley 0-0: Foul Ball, location: 2F
0-1: GRAND SLAM HOME RUN (Flyball, 9D), Distance : 356 ft
Pitching: RHP Wayne Todd
Batting: RHB Dennis Garner 0-0: Called Strike
0-1: Ground out 4-3 (Groundball, 4)
Batting: RHB Jon Krohne 0-0: Ball
1-0: Ball
2-0: Ball
3-0: Called Strike
3-1: Base on Balls
Batting: RHB Felipe Domínguez 0-0: Fly out, F9 (Flyball, 89M)
Bottom of the 4th over - 6 run(s), 4 hit(s), 0 error(s), 1 left on base; Menlo 0 - Bismarck 8
TOP OF THE 5TH
Menlo Maniacs batting - Pitching for Bismarck Barons : RHP Domingo León
Batting: RHB Joe Noble 0-0: Ball
1-0: Foul Ball, location: 2F
1-1: Ball
2-1: Ball
3-1: Called Strike
3-2: Foul Ball, location: 2F
3-2: Ground out 6-3 (Groundball, 6S)
Batting: RHB Clinton Barton 0-0: Called Strike
0-1: Ball
1-1: Called Strike
1-2: Strikes out swinging
Batting: LHB Bernardo Rodríguez 0-0: Called Strike
0-1: Foul Ball, location: 2F
0-2: Ball
1-2: Fly out, F8 (Flyball, 89D)
Top of the 5th over - 0 run(s), 0 hit(s), 0 error(s), 0 left on base; Menlo 0 - Bismarck 8
BOTTOM OF THE 5TH
Bismarck Barons batting - Pitching for Menlo Maniacs : RHP Wayne Todd
Batting: RHB Pancho Torres 0-0: Ball
1-0: Foul Ball, location: 2F
1-1: Ball
2-1: Foul Ball, location: 2F
2-2: Ground out 6-3 (Groundball, 6)
Batting: SHB Álex Hernández 0-0: Called Strike
0-1: Ball
1-1: Foul Ball, location: 2F
1-2: Strikes out looking
Batting: LHB José Martínez 0-0: Ball
1-0: Swinging Strike
1-1: Foul Ball, location: 2F
1-2: SINGLE (Line Drive, 56D)
Batting: RHB Seiji Kouno 0-0: Ball
1-0: Called Strike
1-1: Called Strike
1-2: Strikes out swinging
Bottom of the 5th over - 0 run(s), 1 hit(s), 0 error(s), 1 left on base; Menlo 0 - Bismarck 8
TOP OF THE 6TH
Menlo Maniacs batting - Pitching for Bismarck Barons : RHP Domingo León
Batting: RHB Miguel González 0-0: Fly out, F9 (Flyball, 9)
Batting: RHB Kyle Mann 0-0: Ball
1-0: Called Strike
1-1: Ball
2-1: SOLO HOME RUN (Flyball, 78XD), Distance : 388 ft
Batting: SHB José Vélez 0-0: Foul Ball, location: 2F
0-1: SINGLE (Groundball, 4MD)
Batting: RHB Manuel Alonso 0-0: Called Strike
0-1: Fly out, F4 (Line Drive, 4)
Batting: RHB Gilberto León 0-0: Swinging Strike
0-1: Ball
1-1: Called Strike
José Vélez is caught stealing 2nd base
Top of the 6th over - 1 run(s), 2 hit(s), 0 error(s), 0 left on base; Menlo 1 - Bismarck 8
BOTTOM OF THE 6TH
Bismarck Barons batting - Pitching for Menlo Maniacs : RHP Wayne Todd
Batting: RHB Fernando Castellanos 0-0: Called Strike
0-1: Fly out, F8 (Flyball, 89M)
Batting: LHB Johnny Foley 0-0: Fly out, F8 (Flyball, 8LM)
Batting: RHB Dennis Garner 0-0: Called Strike
0-1: Ground out 4-3 (Groundball, 4)
Bottom of the 6th over - 0 run(s), 0 hit(s), 0 error(s), 0 left on base; Menlo 1 - Bismarck 8
TOP OF THE 7TH
Menlo Maniacs batting - Pitching for Bismarck Barons : RHP Domingo León
Batting: RHB Gilberto León 0-0: SINGLE (Groundball, 4) (infield hit)
Batting: RHB Jason Blair 0-0: Ball
1-0: Swinging Strike
1-1: Fielders Choice at 2nd, 1-4 (Groundball, 15S)
Batting: RHB Joe Noble 0-0: Ball
1-0: Ball
2-0: Called Strike
2-1: Ball
3-1: Called Strike
3-2: Strikes out swinging
Batting: RHB Clinton Barton 0-0: Ball
1-0: DOUBLE (Line Drive, 7LM)
Jason Blair to third
Batting: LHB Bernardo Rodríguez 0-0: Ball
1-0: Foul Ball, location: 2F
1-1: Foul Ball, location: 2F
1-2: Single, Error in OF, E7, batter to second base
Jason Blair scores
Clinton Barton scores
Batting: RHB Miguel González 0-0: Called Strike
0-1: Ball
1-1: SINGLE (Groundball, 6D)
Bernardo Rodríguez to third
Runner from 3rd tries for Home, SAFE, no throw
Batting: RHB Kyle Mann 0-0: Ball
1-0: Called Strike
1-1: Called Strike
1-2: Strikes out looking
Top of the 7th over - 3 run(s), 4 hit(s), 1 error(s), 1 left on base; Menlo 4 - Bismarck 8
BOTTOM OF THE 7TH
Bismarck Barons batting - Pitching for Menlo Maniacs : RHP Wayne Todd
Batting: RHB Jon Krohne 0-0: Foul Ball, location: 2F
0-1: Ball
1-1: Swinging Strike
1-2: Ball
2-2: Strikes out swinging
Batting: RHB Felipe Domínguez 0-0: Ball
1-0: Ball
2-0: Swinging Strike
2-1: Swinging Strike
2-2: Foul Ball, location: 2F
2-2: Ball
3-2: Base on Balls
Batting: RHB Pancho Torres 0-0: Foul Ball, location: 2F
0-1: Swinging Strike
0-2: Ball
1-2: Strikes out swinging
Batting: SHB Álex Hernández 0-0: Ball
1-0: Ball
2-0: Fielders Choice at 2nd, 4-6 (Groundball, 4)
Bottom of the 7th over - 0 run(s), 0 hit(s), 0 error(s), 0 left on base; Menlo 4 - Bismarck 8
TOP OF THE 8TH
Menlo Maniacs batting - Pitching for Bismarck Barons : RHP Domingo León
Pitching: RHP Edgar Villa
Batting: SHB José Vélez 0-0: Swinging Strike
0-1: Foul Ball, location: 2F
0-2: SINGLE (Groundball, 6MD)
Batting: RHB Manuel Alonso 0-0: Fly out, F4 (Popup, 4D)
Batting: RHB Gilberto León 0-0: Called Strike
0-1: Foul Ball, location: 2F
0-2: SINGLE (Line Drive, 78S)
José Vélez to second
Batting: RHB Jason Blair 0-0: Swinging Strike
0-1: Called Strike
0-2: Foul Ball, location: 2F
0-2: Ball
1-2: Fly out, F8 (Flyball, 8RM)
Batting: RHB Joe Noble 0-0: Called Strike
0-1: Ball
1-1: Foul Ball, location: 2F
1-2: Strikes out swinging
Top of the 8th over - 0 run(s), 2 hit(s), 0 error(s), 2 left on base; Menlo 4 - Bismarck 8
BOTTOM OF THE 8TH
Bismarck Barons batting - Pitching for Menlo Maniacs : RHP Wayne Todd
Batting: LHB José Martínez 0-0: Ball
1-0: Foul Ball, location: 2F
1-1: Swinging Strike
1-2: Fly out, F3 (Popup, 34)
Pitching: RHP Gerard Gustafson
Batting: RHB Seiji Kouno 0-0: Swinging Strike
0-1: Fly out, F9 (Flyball, 9LMF)
Batting: RHB Fernando Castellanos 0-0: Ball
1-0: Ball
2-0: Ball
3-0: Base on Balls
Batting: LHB Johnny Foley 0-0: Ball
1-0: Swinging Strike
1-1: Ball
2-1: Foul Ball, location: 2F
2-2: Strikes out swinging
Bottom of the 8th over - 0 run(s), 0 hit(s), 0 error(s), 1 left on base; Menlo 4 - Bismarck 8
TOP OF THE 9TH
Menlo Maniacs batting - Pitching for Bismarck Barons : RHP Edgar Villa
Batting: RHB Clinton Barton 0-0: Called Strike
0-1: Called Strike
0-2: Ball
1-2: Strikes out looking
Batting: LHB Bernardo Rodríguez 0-0: Ball
1-0: Swinging Strike
1-1: Foul Ball, location: 2F
1-2: Foul Ball, location: 2F
1-2: Fly out, F7 (Flyball, 7S)
Batting: RHB Miguel González 0-0: Ball
1-0: Ball
2-0: Ground out 6-3 (Groundball, 56)
Top of the 9th over - 0 run(s), 0 hit(s), 0 error(s), 0 left on base; Menlo 4 - Bismarck 8
Tuesday, August 8th, 2017 - OOTP Baseball 17.12 Build 75